 Dungeon Crawl Stone Soup version 0.21.1-1-g345015f (webtiles) character file.

1292 Inchmeat the Basher (level 8, -1/46 HPs)
             Began as a Gargoyle Monk on May 30, 2018.
             Was a Believer of the Shining One.
             Slain by an orc wizard
             ... wielding the +8 trident "Gargoyle's Curse" {pierce, -Tele rN++}
              (8 damage)
             ... on level 6 of the Dungeon.
             The game lasted 00:09:44 (6409 turns).

Inchmeat the Basher (Gargoyle Monk)                 Turns: 6409, Time: 00:09:45

Health: -1/46      AC: 12    Str: 12 (15) XL:     8   Next: 56%
Magic:  11/11      EV: 11    Int: 10 (13) God:    the Shining One [**....]
Gold:   217        SH:  0    Dex: 11 (12) Spells: 7/7 levels left

rFire    . . .     SeeInvis .   a - +2 dire flail (curse)
rCold    + . .     Gourm    .   (shield currently unavailable)
rNeg     + + .     Faith    .   w - +1 ring mail {rF+}
rPois    ∞         Spirit   .   (no helmet)
rElec    +         Reflect  .   m - +0 cloak
rCorr    .         Harm     .   (no gloves)
MR       .....                  (no boots)
Stlth    +.........             (no amulet)
HPRegen  0.15/turn              f - ring of stealth
MPRegen  0.12/turn              n - ring of ice

@: glowing
A: negative energy resistance 1, electricity resistance, unbreathing,
petrification resistance, rot immunity, AC +5
a: Divine Shield, Renounce Religion


You were on level 6 of the Dungeon.
You worshipped the Shining One.
The Shining One was pleased with you.
You were hungry.

You visited 1 branch of the dungeon, and saw 6 of its levels.

You collected 217 gold pieces.

Inventory:

Hand Weapons
 a - a cursed +2 dire flail (weapon)
 i - a +2 flail of protection
 q - the +4 short sword of Xoxkaom {pierce, *Contam +Fly rElec rC+++, unknown}
   (You took it off a centaur on level 6 of the Dungeon)

   It inflicts extra damage upon your enemies.
   It renders you almost immune to cold.
   It insulates you from electricity.
   It lets you fly.
   It causes magical contamination when unequipped.
Armour
 e - a +0 ring mail
 h - a +4 chain mail of cold resistance
 m - a +0 cloak (worn)
 w - a +1 ring mail of fire resistance (worn)
Jewellery
 f - a ring of stealth (left hand)
 n - a ring of ice (right hand)
Wands
 t - a wand of flame (27)
Scrolls
 d - a scroll of remove curse {@r2}
 k - a scroll of fog
 l - a scroll of immolation
 o - a scroll of teleportation
Potions
 g - a potion of mutation {!q}
Books
 s - a book of Maledictions

   Spells                             Type                      Level
   a - Corona                         Hexes                        1
   b - Ensorcelled Hibernation        Hexes/Ice                    2
   c - Confuse                        Hexes                        3
   d - Tukima's Dance                 Hexes                        3
   e - Dazzling Spray                 Conjuration/Hexes            3
Comestibles
 c - 6 rations


   Skills:
 - Level 3.2 Fighting
 + Level 9.8 Maces & Flails
 - Level 2.4 Dodging
 - Level 2.1 Stealth
 - Level 4.0 Invocations


You had 7 spell levels left.
You didn't know any spells.

Dungeon Overview and Level Annotations

Branches:
Dungeon (6/15)             Temple (0/1) D:4

Altars:
Dithmenos
Elyvilon
Fedhas
Uskayaw
Vehumet
Xom
Yredelemnul
The Shining One

Annotations:
D:4 2 runed doors, bande's ghost, novice GrFi


Innate Abilities, Weirdness & Mutations

You are resistant to torment.
Your stone body is resilient. (AC +5)
You are immune to poison.
You resist negative energy. (rN+)
You are resistant to electric shocks. (rElec)
You can survive without breathing.
You are immune to petrification.
You are immune to rotting.


Message History

Ye feel weaken'd.
Ye feel dopey.
Ye feel clumsy.
Tha orc wizard hits ye but does nay damage. x3
Tha orc wizard shouts loudly.
Tha orc wizard hits ye but does nay damage.
It was a potion o' cancellation.
Yer magical effects be unravellin'.
Ye feel magic'lly purged.
Ye feel less wood'n.
Yer +0 cloak unmelds from yer body.
Yer +1 rin' mail o' fire resistance unmelds from yer body.
Ye feel resistant ta fire.
Tha orc wizard closely misses ye.
Tha orc wizard hits ye but does nay damage.
Ye hit tha orc wizard.
Tha orc wizard be lightly wounded.
Tha orc wizard hits ye but does nay damage. x2
Ye thump tha orc wizard!
Tha orc wizard be almost dead.
Tha orc wizard closely misses ye.
Tha orc wizard hits ye from afar wit' a twisted trident {pierce}!
Ye die...

......†...........
......####.##...#.
..................
......####'##.#.#.
......###.....#.#
.##...oo.....)....
#..##.#.........
#.#..##o#####.#...
#.#....oo@....# ..
#.#.....#####.# .
#....#### # #....#
###.#....# .
...#....# ...
#####.#....###.....
.............'.....
#..........###.....


You could see an orc priest and 2 orc wizards.

Vanquished Creatures
  Edmund (D:5)
  An ogre (D:4)
  2 phantoms (D:5)
  2 centaurs (D:6)
  2 wights (D:6)
  3 howler monkeys
  A crimson imp (D:5)
  A bullfrog zombie (D:5)
  2 hounds
  2 orc priests
  An iguana (D:5)
  Terence (D:2)
  5 orc wizards (D:6)
  3 worker ants
  4 adders
  A shadow imp (D:6)
  3 worms
  2 dart slugs
  11 orcs
  4 giant cockroaches
  4 goblins
  5 hobgoblins
  5 jackals
  3 quokkas
  5 bats
  A frilled lizard (D:2)
  4 kobolds
  A leopard gecko skeleton (D:6)
  5 rats
85 creatures vanquished.

Vanquished Creatures (others)
  A giant cockroach (D:3)
1 creature vanquished.

Grand Total: 86 creatures vanquished

Notes
Turn   | Place    | Note
-------+----------+-------------------------------------------
     0 | D:1      | Inchmeat the Gargoyle Monk began the quest for the Orb.
     0 | D:1      | Reached XP level 1. HP: 14/14 MP: 1/1
   362 | D:1      | Reached XP level 2. HP: 18/19 MP: 2/2
   895 | D:2      | Found a blossoming altar of Fedhas.
   907 | D:2      | Reached skill level 4 in Maces & Flails
   933 | D:2      | Noticed Terence
   988 | D:2      | Killed Terence
   988 | D:2      | Reached XP level 3. HP: 7/23 MP: 3/3
  1699 | D:3      | Reached XP level 4. HP: 26/28 MP: 4/4
  1824 | D:3      | Reached skill level 5 in Maces & Flails
  2273 | D:3      | Found a basalt altar of Yredelemnul.
  2387 | D:3      | Found a hide-covered altar of Uskayaw.
  2472 | D:3      | Found a radiant altar of Vehumet.
  2988 | D:4      | Reached XP level 5. HP: 18/32 MP: 5/5
  3428 | D:4      | Reached skill level 6 in Maces & Flails
  3649 | D:4      | Reached XP level 6. HP: 31/37 MP: 6/6
  3657 | D:4      | Found a large runed door.
  3657 | D:4      | Found a large runed door.
  3670 | D:4      | Noticed a phantom
  3686 | D:4      | Noticed bande's ghost (novice GrFi)
  4186 | D:4      | Reached skill level 7 in Maces & Flails
  4247 | D:4      | Found a glowing golden altar of the Shining One.
  4368 | D:4      | Became a worshipper of the Shining One
  4368 | D:4      | Reached * piety under the Shining One
  4368 | D:4      | Reached ** piety under the Shining One
  4780 | D:4      | Found a staircase to the Ecumenical Temple.
  4824 | D:5      | Entered Level 5 of the Dungeon
  4824 | D:5      | Noticed a phantom
  4831 | D:5      | Killed a phantom
  4831 | D:5      | Reached skill level 1 in Invocations
  4831 | D:5      | Reached XP level 7. HP: 41/41 MP: 6/8
  4866 | D:5      | Found a shimmering altar of Xom.
  5457 | D:5      | Reached skill level 8 in Maces & Flails
  5609 | D:5      | Noticed Edmund
  5648 | D:5      | Killed Edmund
  5779 | D:5      | Found a white marble altar of Elyvilon.
  5780 | D:5      | Found a shadowy altar of Dithmenos.
  5867 | D:6      | Reached XP level 8. HP: 41/46 MP: 9/11
  5942 | D:6      | Reached skill level 9 in Maces & Flails
  6151 | D:6      | Got an uncursed scorched short sword {pierce}
  6409 | D:6      | Identified the +8 trident "Gargoyle's Curse" {pierce, -Tele rN++}
  6409 | D:6      | Slain by an orc wizard

Skill      XL: |  1  2  3  4  5  6  7  8 |
---------------+-------------------------+-----
Maces & Flails | 4 5 6 7 8 9 |  9.8
Invocations    | 1 4 |  4.0
Fighting       | |  3.2
Dodging        | |  2.4
Stealth        | |  2.1

Action                   |  1- 3 |  4- 6 |  7- 9 || total
-------------------------+-------+-------+-------++-------
Melee: Mace              |   139 |   240 |   118 ||   497
       Flail             |       |       |    27 ||    27
       Dire flail        |       |       |    35 ||    35
Throw: Throwing net      |       |     1 |     1 ||     2
  Use: Scroll            |     3 |     4 |     3 ||    10
       Potion            |     2 |     2 |     4 ||     8
 Stab: Sleeping          |     7 |     2 |       ||     9
       Invisible         |     4 |       |       ||     4
       Held in net/web   |       |     2 |       ||     2
  Eat: Chunk             |     2 |     6 |     6 ||    14
       Ration            |       |     1 |       ||     1
Armor: Ring mail         |    55 |   136 |    63 ||   254
       Robe              |     1 |       |       ||     1
       Skin              |       |       |     4 ||     4
Dodge: Dodged            |    85 |   154 |    79 ||   318
